Bruins vs Senators

Created - October 20 2010 at 17:28

Goals
1 2 3 T
Bruins 0 1 0 1
Senators 0 0 0 0
Shots
1 2 3 T
Bruins 9 8 18 35
Senators 5 10 6 21

Period #1

No Goal

Penalties :
James Neal (OTT) for Interference (Minor) at 0:11, Jay Bouwmeester (OTT) for Roughing (Minor) at 4:30, Mike Fisher (OTT) for Boarding (Minor) at 13:35, Zdeno Chara (BOS) for Hooking (Minor) at 17:54

Period #2

1. Bruins , Paul Stastny 2 (Dennis Seidenberg, Wayne Simmonds) at 11:26

Penalties :
Mike Fisher (OTT) for Holding (Minor) at 5:07, Mike Fisher (OTT) for Tripping (Minor) at 7:13, Rick Nash (OTT) for Fighting (Major) at 8:09, Marian Gaborik (BOS) for Fighting (Major) at 8:09, Cam Ward (BOS) for Slashing (Minor) at 17:31 - Gregory Campbell served the penalty.

Period #3

No Goal

Penalties :
Chris Stewart (OTT) for Hooking (Minor) at 0:23, James Neal (OTT) for Tripping (Minor) at 3:04, Gregory Campbell (BOS) for Holding Stick (Minor) at 5:34, Gregory Campbell (BOS) for Holding (Minor) at 9:05, Josh Gorges (OTT) for Holding (Minor) at 14:25, Jesse Winchester (OTT) for Hooking (Minor) at 15:27, James Vandermeer (BOS) for Tripping (Minor) at 17:55

Goalie Stats

Cam Ward (BOS), 21 saves from 21 shots - (1.000), W, 4-1-1, 60:00 minutes
Evgeni Nabokov (OTT), 34 saves from 35 shots - (0.971), L, 3-3-0, 60:00 minutes

Players Stats

Bruins
Player Name              G  A  P  +/- PIM S  H  SB FO    MP 
------------------------------------------------------------
Andrej Meszaros          0  0  0   1  0   0  1  0  0/0   8  
Andrew Cogliano          0  0  0   0  0   0  0  0  0/0   4  
Barret Jackman           0  0  0   0  0   0  2  1  0/0   17 
Blake Wheeler            0  0  0   0  0   0  1  0  2/2   11 
David Krejci             0  0  0   0  0   4  0  0  14/28 21 
Dennis Seidenberg        0  1  1   1  0   0  1  1  0/0   23 
Dustin Brown             0  0  0   0  0   4  5  0  1/1   16 
Gregory Campbell         0  0  0   1  4   0  4  0  0/0   12 
Henrik Zetterberg        0  0  0   0  0   3  2  1  1/1   20 
James Vandermeer         0  0  0   0  2   0  2  1  0/0   16 
Jordan Leopold           0  0  0   0  0   0  0  0  0/0   1  
Marian Gaborik           0  0  0   0  5   5  0  0  0/1   16 
Niklas Kronwall          0  0  0   0  0   4  0  1  0/1   21 
Patrice Bergeron         0  0  0   0  0   4  0  0  19/35 21 
Paul Stastny             1  0  1   1  0   4  0  0  6/15  23 
Phil Kessel              0  0  0   0  0   2  0  0  1/2   21 
Wayne Simmonds           0  1  1   1  0   2  0  0  0/1   15 
Zdeno Chara              0  0  0   0  2   3  4  4  0/0   25 
Senators
Player Name              G  A  P  +/- PIM S  H  SB FO    MP 
------------------------------------------------------------
Anton Volchenkov         0  0  0  -1  0   0  0  1  0/0   23 
Chris Kelly              0  0  0   0  0   0  0  0  7/21  15 
Chris Stewart            0  0  0   0  2   2  2  0  0/0   15 
Curtis Glencross         0  0  0  -1  0   1  2  1  0/0   17 
Filip Kuba               0  0  0  -1  0   1  1  0  0/0   16 
James Neal               0  0  0   0  4   2  1  0  1/1   14 
Jason Spezza             0  0  0  -1  0   1  0  0  9/18  17 
Jay Bouwmeester          0  0  0   0  2   1  2  2  0/0   24 
Jesse Winchester         0  0  0   0  2   1  2  0  1/2   12 
Josh Gorges              0  0  0   0  2   0  4  1  0/0   21 
Karlis Skrastins         0  0  0   0  0   0  0  2  0/0   19 
Ladislav Smid            0  0  0   0  0   0  0  1  0/0   14 
Mike Fisher              0  0  0   0  6   3  1  0  10/18 12 
Milan Michalek           0  0  0   0  0   2  1  0  0/0   13 
Patrick Dwyer            0  0  0   0  0   1  2  0  1/1   7  
Rick Nash                0  0  0   0  5   3  3  0  1/1   16 
Sergei Kostitsyn         0  0  0  -1  0   0  2  0  0/0   7  
Sidney Crosby            0  0  0   0  0   3  0  0  13/25 19 

3 Stars

1 - Cam Ward (BOS)
2 - Evgeni Nabokov (OTT)
3 - Paul Stastny (BOS)

Power Play

Bruins - 0 on 9 Attempt(s) - 0.00%
Senators - 0 on 5 Attempt(s) - 0.00%

Penalty Kill

Bruins - 5 on 5 Attempt(s) - 100.00% - Score 0 goal in Penalty Kill
Senators - 9 on 9 Attempt(s) - 100.00% - Score 0 goal in Penalty Kill

Game Notes

Rick Nash beats up Marian Gaborik at 8:09 of 2nd period

Finance

Level 1 -- Attendance: 4301 (66.17%) -- Ticket Income $430,100.00
Level 2 -- Attendance: 3530 (70.60%) -- Ticket Income $211,800.00
Level 3 -- Attendance: 2732 (78.06%) -- Ticket Income $95,620.00
Level 4 -- Attendance: 1600 (50.75%) -- Ticket Income $48,000.00
Luxury Box -- Attendance: 621 (62.10%) -- Ticket Income $155,250.00
Game was played at the Scotiabank Place
Total Attendance: 12784 (66.75%)
Total Ticket Income: $1,016,578.00
Other Income: $203,366.70
Total Income: $1,219,945.00


Play by Play

Period #1

0:01 of 1st period - Sidney Crosby wins face-off versus Paul Stastny in neutral zone.
0:11 of 1st period - Minor Penalty to James Neal for Interference.
0:12 of 1st period - David Krejci wins face-off versus Chris Kelly in Senators zone.
0:13 of 1st period - Shot by Dustin Brown.
0:13 of 1st period - Stopped by Evgeni Nabokov without a rebound.
0:14 of 1st period - Patrice Bergeron wins face-off versus Mike Fisher in Senators zone.
0:17 of 1st period - Shot by Paul Stastny.
0:17 of 1st period - Stopped by Evgeni Nabokov without a rebound.
0:18 of 1st period - David Krejci wins face-off versus Chris Kelly in Senators zone.
1:40 of 1st period - Shot by Patrice Bergeron.
1:40 of 1st period - Shot Misses the Net.
1:42 of 1st period - Shot by Patrice Bergeron.
1:42 of 1st period - Stopped by Evgeni Nabokov without a rebound.
1:43 of 1st period - Patrice Bergeron wins face-off versus Mike Fisher in Senators zone.
2:02 of 1st period - Shot by Phil Kessel.
2:02 of 1st period - Shot Blocked by Jay Bouwmeester.
2:04 of 1st period - Shot by Henrik Zetterberg.
2:04 of 1st period - Stopped by Evgeni Nabokov without a rebound.
2:05 of 1st period - Mike Fisher wins face-off versus David Krejci in Senators zone.
2:14 of 1st period - Shot by Marian Gaborik.
2:14 of 1st period - Stopped by Evgeni Nabokov without a rebound.
2:15 of 1st period - Mike Fisher wins face-off versus David Krejci in Senators zone.
2:25 of 1st period - Zdeno Chara is hit by Patrick Dwyer and loses puck.
3:29 of 1st period - Icing by Josh Gorges.
3:30 of 1st period - Patrice Bergeron wins face-off versus Sidney Crosby in Senators zone.
3:30 of 1st period - Dennis Seidenberg is hit by Josh Gorges and loses puck.
3:33 of 1st period - Shot by Patrice Bergeron.
3:33 of 1st period - Stopped by Evgeni Nabokov without a rebound.
3:34 of 1st period - Patrice Bergeron wins face-off versus Jason Spezza in Senators zone.
4:02 of 1st period - Icing by Curtis Glencross.
4:03 of 1st period - Jason Spezza wins face-off versus Paul Stastny in Senators zone.
4:29 of 1st period - Paul Stastny is hit by Josh Gorges and loses puck.
4:30 of 1st period - Minor Penalty to Jay Bouwmeester for Roughing.
4:31 of 1st period - Chris Kelly wins face-off versus Patrice Bergeron in Senators zone.
4:58 of 1st period - Shot by Phil Kessel.
4:58 of 1st period - Shot Misses the Net.
6:35 of 1st period - Off-side.
6:36 of 1st period - Sidney Crosby wins face-off versus Niklas Kronwall in neutral zone.
7:03 of 1st period - Shot by Marian Gaborik.
7:03 of 1st period - Shot Misses the Net.
7:05 of 1st period - Shot by Zdeno Chara.
7:05 of 1st period - Shot Blocked by Jay Bouwmeester.
8:08 of 1st period - Shot by Dustin Brown.
8:08 of 1st period - Stopped by Evgeni Nabokov without a rebound.
8:09 of 1st period - Jason Spezza wins face-off versus David Krejci in Senators zone.
8:25 of 1st period - Icing by Filip Kuba.
8:26 of 1st period - Jason Spezza wins face-off versus Wayne Simmonds in Senators zone.
9:09 of 1st period - Off-side.
9:10 of 1st period - James Neal wins face-off versus Patrice Bergeron in neutral zone.
9:10 of 1st period - James Neal is hit by Dustin Brown.
9:14 of 1st period - Shot by Chris Stewart.
9:14 of 1st period - Stopped by Cam Ward without a rebound.
9:15 of 1st period - David Krejci wins face-off versus Chris Kelly in Bruins zone.
9:15 of 1st period - Marian Gaborik is hit by Sergei Kostitsyn and loses puck.
10:18 of 1st period - Phil Kessel is hit by Chris Stewart and loses puck.
10:25 of 1st period - Shot by James Neal.
10:25 of 1st period - Shot Blocked by Dennis Seidenberg.
11:09 of 1st period - Shot by Mike Fisher.
11:09 of 1st period - Stopped by Cam Ward without a rebound.
11:10 of 1st period - Paul Stastny wins face-off versus Jason Spezza in Bruins zone.
11:20 of 1st period - Paul Stastny is hit by Rick Nash and loses puck.
11:28 of 1st period - Shot by Rick Nash.
11:28 of 1st period - Stopped by Cam Ward with a rebound.
11:32 of 1st period - Shot by Jason Spezza.
11:32 of 1st period - Shot Misses the Net.
11:34 of 1st period - Shot by Rick Nash.
11:34 of 1st period - Shot Misses the Net.
11:36 of 1st period - Shot by Anton Volchenkov.
11:36 of 1st period - Shot Blocked by Barret Jackman.
11:38 of 1st period - Shot by Rick Nash.
11:38 of 1st period - Shot Misses the Net.
12:45 of 1st period - Icing by Dennis Seidenberg.
12:46 of 1st period - Patrice Bergeron wins face-off versus Sidney Crosby in Bruins zone.
13:35 of 1st period - Minor Penalty to Mike Fisher for Boarding.
13:36 of 1st period - Chris Kelly wins face-off versus Patrice Bergeron in Senators zone.
13:55 of 1st period - Icing by Paul Stastny.
13:56 of 1st period - Patrice Bergeron wins face-off versus Chris Kelly in Bruins zone.
15:22 of 1st period - Shot by Marian Gaborik.
15:22 of 1st period - Stopped by Evgeni Nabokov with a rebound.
15:24 of 1st period - Shot by Zdeno Chara.
15:24 of 1st period - Shot Blocked by Karlis Skrastins.
16:26 of 1st period - Shot by Marian Gaborik.
16:26 of 1st period - Deflect By David Krejci.
16:26 of 1st period - Stopped by Evgeni Nabokov without a rebound.
16:27 of 1st period - Jason Spezza wins face-off versus Paul Stastny in Senators zone.
16:56 of 1st period - Shot by Marian Gaborik.
16:56 of 1st period - Shot Blocked by Anton Volchenkov.
17:17 of 1st period - Jesse Winchester is hit by Zdeno Chara.
17:33 of 1st period - Chris Kelly is hit by Zdeno Chara and loses puck.
17:54 of 1st period - Minor Penalty to Zdeno Chara for Hooking.
17:55 of 1st period - Sidney Crosby wins face-off versus David Krejci in Bruins zone.
18:12 of 1st period - Shot by James Neal.
18:12 of 1st period - Stopped by Cam Ward without a rebound.
18:13 of 1st period - David Krejci wins face-off versus Jason Spezza in Bruins zone.
18:13 of 1st period - David Krejci is hit by Milan Michalek.
18:30 of 1st period - Shot by Jay Bouwmeester.
18:30 of 1st period - Stopped by Cam Ward without a rebound.
18:31 of 1st period - Sidney Crosby wins face-off versus David Krejci in Bruins zone.
18:34 of 1st period - Shot by Sidney Crosby.
18:34 of 1st period - Shot Misses the Net.
18:50 of 1st period - Shot by Chris Stewart.
18:50 of 1st period - Shot Misses the Net.

Period #2

0:01 of 2nd period - Sidney Crosby wins face-off versus Paul Stastny in neutral zone.
0:19 of 2nd period - Paul Stastny is hit by Josh Gorges and loses puck.
0:38 of 2nd period - Shot by Marian Gaborik.
0:38 of 2nd period - Stopped by Evgeni Nabokov without a rebound.
0:39 of 2nd period - Jason Spezza wins face-off versus Patrice Bergeron in Senators zone.
1:37 of 2nd period - Off-side.
1:38 of 2nd period - Jesse Winchester wins face-off versus Marian Gaborik in neutral zone.
1:38 of 2nd period - Jesse Winchester is hit by Gregory Campbell.
1:50 of 2nd period - Sergei Kostitsyn is hit by James Vandermeer.
2:10 of 2nd period - Shot by Jesse Winchester.
2:10 of 2nd period - Stopped by Cam Ward without a rebound.
2:11 of 2nd period - Paul Stastny wins face-off versus Sidney Crosby in Bruins zone.
2:34 of 2nd period - Shot by Sidney Crosby.
2:34 of 2nd period - Shot Misses the Net.
2:36 of 2nd period - Shot by James Neal.
2:36 of 2nd period - Stopped by Cam Ward without a rebound.
2:37 of 2nd period - Paul Stastny wins face-off versus Mike Fisher in Bruins zone.
2:37 of 2nd period - Marian Gaborik is hit by Patrick Dwyer and loses puck.
3:26 of 2nd period - Henrik Zetterberg is hit by Curtis Glencross and loses puck.
3:31 of 2nd period - Shot by Rick Nash.
3:31 of 2nd period - Stopped by Cam Ward without a rebound.
3:32 of 2nd period - Sidney Crosby wins face-off versus Patrice Bergeron in Bruins zone.
3:41 of 2nd period - Shot by Patrice Bergeron.
3:41 of 2nd period - Stopped by Evgeni Nabokov without a rebound.
3:42 of 2nd period - Rick Nash wins face-off versus Patrice Bergeron in Senators zone.
3:42 of 2nd period - Curtis Glencross is hit by Dustin Brown and loses puck.
3:48 of 2nd period - Rick Nash is hit by Barret Jackman and loses puck.
4:18 of 2nd period - Jason Spezza is hit by Dennis Seidenberg and loses puck.
4:51 of 2nd period - Icing by James Vandermeer.
4:52 of 2nd period - Mike Fisher wins face-off versus David Krejci in Bruins zone.
5:07 of 2nd period - Minor Penalty to Mike Fisher for Holding.
5:08 of 2nd period - David Krejci wins face-off versus Chris Kelly in Senators zone.
5:11 of 2nd period - Shot by Wayne Simmonds.
5:11 of 2nd period - Shot Misses the Net.
5:13 of 2nd period - Shot by Henrik Zetterberg.
5:13 of 2nd period - Deflect By David Krejci.
5:13 of 2nd period - Shot Misses the Net.
5:15 of 2nd period - Shot by Wayne Simmonds.
5:15 of 2nd period - Shot Misses the Net.
5:25 of 2nd period - Shot by David Krejci.
5:25 of 2nd period - Stopped by Evgeni Nabokov with a rebound.
5:41 of 2nd period - Shot by Henrik Zetterberg.
5:41 of 2nd period - Stopped by Evgeni Nabokov without a rebound.
5:42 of 2nd period - Sidney Crosby wins face-off versus Patrice Bergeron in Senators zone.
5:51 of 2nd period - Shot by Paul Stastny.
5:51 of 2nd period - Shot Misses the Net.
5:53 of 2nd period - Shot by Zdeno Chara.
5:53 of 2nd period - Stopped by Evgeni Nabokov without a rebound.
5:54 of 2nd period - Patrice Bergeron wins face-off versus Sidney Crosby in Senators zone.
6:28 of 2nd period - Icing by Phil Kessel.
6:29 of 2nd period - Chris Kelly wins face-off versus Patrice Bergeron in Bruins zone.
6:56 of 2nd period - Sidney Crosby is hit by Henrik Zetterberg and loses puck.
7:03 of 2nd period - Phil Kessel is hit by Curtis Glencross and loses puck.
7:13 of 2nd period - Minor Penalty to Mike Fisher for Tripping.
7:14 of 2nd period - Chris Kelly wins face-off versus David Krejci in Senators zone.
7:14 of 2nd period - Chris Kelly is hit by Dustin Brown.
8:09 of 2nd period - Rick Nash beats up Marian Gaborik.
8:09 of 2nd period - Penalty to Rick Nash for Fighting.
8:09 of 2nd period - Penalty to Marian Gaborik for Fighting.
8:10 of 2nd period - David Krejci wins face-off versus Jason Spezza in Bruins zone.
9:58 of 2nd period - Icing by Jay Bouwmeester.
9:59 of 2nd period - Sidney Crosby wins face-off versus Patrice Bergeron in Senators zone.
10:06 of 2nd period - Sidney Crosby is hit by Dustin Brown and loses puck.
10:24 of 2nd period - Icing by Josh Gorges.
10:25 of 2nd period - Blake Wheeler wins face-off versus Sidney Crosby in Senators zone.
10:25 of 2nd period - Phil Kessel is hit by Josh Gorges and loses puck.
11:01 of 2nd period - Icing by Josh Gorges.
11:02 of 2nd period - Sidney Crosby wins face-off versus Paul Stastny in Senators zone.
11:26 of 2nd period - Shot by Paul Stastny.
11:26 of 2nd period - Goal by Paul Stastny - Bruins : 1 - Senators : 0.
11:27 of 2nd period - Mike Fisher wins face-off versus David Krejci in neutral zone.
11:38 of 2nd period - Shot by Mike Fisher.
11:38 of 2nd period - Stopped by Cam Ward without a rebound.
11:39 of 2nd period - Patrice Bergeron wins face-off versus Jason Spezza in Bruins zone.
12:02 of 2nd period - Shot by Jason Spezza.
12:02 of 2nd period - Stopped by Cam Ward with a rebound.
12:35 of 2nd period - Patrick Dwyer is hit by Zdeno Chara and loses puck.
12:48 of 2nd period - Shot by Patrick Dwyer.
12:48 of 2nd period - Shot Blocked by Zdeno Chara.
12:50 of 2nd period - Shot by Mike Fisher.
12:50 of 2nd period - Shot Blocked by Niklas Kronwall.
12:52 of 2nd period - Shot by Ladislav Smid.
12:52 of 2nd period - Deflect By Mike Fisher.
12:52 of 2nd period - Shot Blocked by Henrik Zetterberg.
12:54 of 2nd period - Shot by Mike Fisher.
12:54 of 2nd period - Stopped by Cam Ward without a rebound.
12:55 of 2nd period - David Krejci wins face-off versus Chris Kelly in Bruins zone.
12:55 of 2nd period - David Krejci is hit by Sergei Kostitsyn.
13:27 of 2nd period - Ladislav Smid is hit by Gregory Campbell and loses puck.
13:36 of 2nd period - Jesse Winchester is hit by Gregory Campbell and loses puck.
13:50 of 2nd period - Patrice Bergeron is hit by Jesse Winchester and loses puck.
14:37 of 2nd period - Icing by Sidney Crosby.
14:38 of 2nd period - Blake Wheeler wins face-off versus Sidney Crosby in Senators zone.
14:43 of 2nd period - Shot by Marian Gaborik.
14:43 of 2nd period - Shot Misses the Net.
15:28 of 2nd period - Shot by Rick Nash.
15:28 of 2nd period - Deflect By Jason Spezza.
15:28 of 2nd period - Shot Misses the Net.
15:30 of 2nd period - Shot by Curtis Glencross.
15:30 of 2nd period - Stopped by Cam Ward without a rebound.
15:31 of 2nd period - Patrick Dwyer wins face-off versus Paul Stastny in Bruins zone.
15:32 of 2nd period - Shot by Milan Michalek.
15:32 of 2nd period - Stopped by Cam Ward without a rebound.
15:33 of 2nd period - Mike Fisher wins face-off versus Patrice Bergeron in Bruins zone.
15:33 of 2nd period - Milan Michalek is hit by Barret Jackman and loses puck.
15:47 of 2nd period - Icing by Patrice Bergeron.
15:48 of 2nd period - Jason Spezza wins face-off versus Patrice Bergeron in Bruins zone.
16:26 of 2nd period - James Neal is hit by Gregory Campbell and loses puck.
16:44 of 2nd period - Gregory Campbell is hit by James Neal and loses puck.
17:21 of 2nd period - Shot by Milan Michalek.
17:21 of 2nd period - Shot Misses the Net.
17:23 of 2nd period - Shot by Milan Michalek.
17:23 of 2nd period - Shot Misses the Net.
17:25 of 2nd period - Shot by Milan Michalek.
17:25 of 2nd period - Shot Blocked by Zdeno Chara.
17:27 of 2nd period - Shot by Milan Michalek.
17:27 of 2nd period - Shot Blocked by Zdeno Chara.
17:31 of 2nd period - Shot by Milan Michalek.
17:31 of 2nd period - Stopped by Cam Ward without a rebound.
17:31 of 2nd period - Minor Penalty to Cam Ward for Slashing.
17:32 of 2nd period - Jason Spezza wins face-off versus Patrice Bergeron in Bruins zone.
17:46 of 2nd period - Icing by Rick Nash.
17:47 of 2nd period - Patrice Bergeron wins face-off versus Jason Spezza in Senators zone.
17:48 of 2nd period - Shot by Henrik Zetterberg.
17:48 of 2nd period - Stopped by Evgeni Nabokov without a rebound.
17:49 of 2nd period - Patrice Bergeron wins face-off versus Sidney Crosby in Senators zone.
18:04 of 2nd period - Shot by Chris Stewart.
18:04 of 2nd period - Stopped by Cam Ward without a rebound.
18:05 of 2nd period - Patrice Bergeron wins face-off versus Jason Spezza in Bruins zone.
18:05 of 2nd period - Patrice Bergeron is hit by Rick Nash.
18:23 of 2nd period - Shot by Anton Volchenkov.
18:23 of 2nd period - Shot Misses the Net.
18:59 of 2nd period - Shot by David Krejci.
18:59 of 2nd period - Stopped by Evgeni Nabokov without a rebound.
19:00 of 2nd period - Patrice Bergeron wins face-off versus Sidney Crosby in Senators zone.

Period #3

0:01 of 3rd period - Sidney Crosby wins face-off versus Paul Stastny in neutral zone.
0:23 of 3rd period - Minor Penalty to Chris Stewart for Hooking.
0:24 of 3rd period - Dustin Brown wins face-off versus Chris Kelly in Senators zone.
0:31 of 3rd period - Shot by Niklas Kronwall.
0:31 of 3rd period - Stopped by Evgeni Nabokov without a rebound.
0:32 of 3rd period - Mike Fisher wins face-off versus Phil Kessel in Senators zone.
0:38 of 3rd period - Icing by Zdeno Chara.
0:39 of 3rd period - Phil Kessel wins face-off versus Mike Fisher in Bruins zone.
0:41 of 3rd period - Paul Stastny is hit by Mike Fisher and loses puck.
0:46 of 3rd period - Shot by Phil Kessel.
0:46 of 3rd period - Shot Blocked by Josh Gorges.
0:48 of 3rd period - Shot by Paul Stastny.
0:48 of 3rd period - Deflect By Phil Kessel.
0:48 of 3rd period - Stopped by Evgeni Nabokov without a rebound.
0:49 of 3rd period - David Krejci wins face-off versus Chris Kelly in Senators zone.
1:42 of 3rd period - Shot by Phil Kessel.
1:42 of 3rd period - Shot Blocked by Karlis Skrastins.
1:44 of 3rd period - Shot by Zdeno Chara.
1:44 of 3rd period - Shot Blocked by Curtis Glencross.
1:48 of 3rd period - Shot by Paul Stastny.
1:48 of 3rd period - Stopped by Evgeni Nabokov without a rebound.
1:49 of 3rd period - Patrice Bergeron wins face-off versus Chris Kelly in Senators zone.
1:50 of 3rd period - Shot by Paul Stastny.
1:50 of 3rd period - Stopped by Evgeni Nabokov without a rebound.
1:51 of 3rd period - Chris Kelly wins face-off versus Patrice Bergeron in Senators zone.
2:08 of 3rd period - Shot by Zdeno Chara.
2:08 of 3rd period - Stopped by Evgeni Nabokov without a rebound.
2:09 of 3rd period - Mike Fisher wins face-off versus David Krejci in Senators zone.
2:30 of 3rd period - Shot by Rick Nash.
2:30 of 3rd period - Stopped by Cam Ward without a rebound.
2:31 of 3rd period - Sidney Crosby wins face-off versus Paul Stastny in Bruins zone.
2:34 of 3rd period - Shot by James Neal.
2:34 of 3rd period - Shot Misses the Net.
2:56 of 3rd period - Wayne Simmonds is hit by Chris Stewart and loses puck.
3:04 of 3rd period - Minor Penalty to James Neal for Tripping.
3:05 of 3rd period - Chris Kelly wins face-off versus Patrice Bergeron in Senators zone.
3:36 of 3rd period - Jesse Winchester is hit by Zdeno Chara and loses puck.
4:01 of 3rd period - Shot by Niklas Kronwall.
4:01 of 3rd period - Deflect By Wayne Simmonds.
4:01 of 3rd period - Shot Misses the Net.
4:03 of 3rd period - Shot by Niklas Kronwall.
4:03 of 3rd period - Stopped by Evgeni Nabokov with a rebound.
4:07 of 3rd period - Shot by Niklas Kronwall.
4:07 of 3rd period - Shot Misses the Net.
4:11 of 3rd period - Shot by Dustin Brown.
4:11 of 3rd period - Stopped by Evgeni Nabokov with a rebound.
4:39 of 3rd period - Shot by Phil Kessel.
4:39 of 3rd period - Stopped by Evgeni Nabokov without a rebound.
4:40 of 3rd period - David Krejci wins face-off versus Chris Kelly in Senators zone.
5:10 of 3rd period - Milan Michalek is hit by James Vandermeer and loses puck.
5:13 of 3rd period - Shot by Milan Michalek.
5:13 of 3rd period - Shot Misses the Net.
5:20 of 3rd period - Marian Gaborik is hit by Filip Kuba and loses puck.
5:34 of 3rd period - Minor Penalty to Gregory Campbell for Holding Stick.
5:35 of 3rd period - Jason Spezza wins face-off versus Patrice Bergeron in Bruins zone.
5:59 of 3rd period - Icing by Rick Nash.
6:00 of 3rd period - Patrice Bergeron wins face-off versus Jason Spezza in Senators zone.
7:15 of 3rd period - Shot by Sidney Crosby.
7:15 of 3rd period - Stopped by Cam Ward without a rebound.
7:16 of 3rd period - Sidney Crosby wins face-off versus David Krejci in Bruins zone.
7:42 of 3rd period - Icing by Andrej Meszaros.
7:43 of 3rd period - Paul Stastny wins face-off versus Jesse Winchester in Bruins zone.
7:43 of 3rd period - Paul Stastny is hit by Jesse Winchester.
8:12 of 3rd period - Sergei Kostitsyn is hit by Andrej Meszaros and loses puck.
8:29 of 3rd period - James Neal is hit by Blake Wheeler and loses puck.
8:55 of 3rd period - Shot by Sidney Crosby.
8:55 of 3rd period - Stopped by Cam Ward without a rebound.
8:56 of 3rd period - David Krejci wins face-off versus Mike Fisher in Bruins zone.
9:04 of 3rd period - Icing by Mike Fisher.
9:05 of 3rd period - Mike Fisher wins face-off versus David Krejci in Senators zone.
9:05 of 3rd period - Minor Penalty to Gregory Campbell for Holding.
9:06 of 3rd period - David Krejci wins face-off versus Jason Spezza in Bruins zone.
9:06 of 3rd period - Phil Kessel is hit by Rick Nash and loses puck.
10:13 of 3rd period - Shot by James Neal.
10:13 of 3rd period - Shot Blocked by Zdeno Chara.
10:15 of 3rd period - Shot by Sidney Crosby.
10:15 of 3rd period - Stopped by Cam Ward without a rebound.
10:16 of 3rd period - Henrik Zetterberg wins face-off versus Sidney Crosby in Bruins zone.
10:39 of 3rd period - Shot by James Neal.
10:39 of 3rd period - Shot Misses the Net.
11:29 of 3rd period - Shot by Wayne Simmonds.
11:29 of 3rd period - Stopped by Evgeni Nabokov with a rebound.
12:24 of 3rd period - Shot by Gregory Campbell.
12:24 of 3rd period - Deflect By Marian Gaborik.
12:24 of 3rd period - Shot Misses the Net.
12:26 of 3rd period - Shot by Gregory Campbell.
12:26 of 3rd period - Shot Misses the Net.
12:33 of 3rd period - Icing by Jay Bouwmeester.
12:34 of 3rd period - Jason Spezza wins face-off versus Patrice Bergeron in Senators zone.
12:36 of 3rd period - Rick Nash is hit by Dustin Brown and loses puck.
12:45 of 3rd period - Shot by Dustin Brown.
12:45 of 3rd period - Shot Misses the Net.
12:47 of 3rd period - Shot by Dustin Brown.
12:47 of 3rd period - Stopped by Evgeni Nabokov without a rebound.
12:48 of 3rd period - Mike Fisher wins face-off versus Paul Stastny in Senators zone.
12:59 of 3rd period - Shot by Patrick Dwyer.
12:59 of 3rd period - Stopped by Cam Ward without a rebound.
13:00 of 3rd period - Patrice Bergeron wins face-off versus Chris Kelly in Bruins zone.
13:45 of 3rd period - Icing by Karlis Skrastins.
13:46 of 3rd period - Paul Stastny wins face-off versus Chris Kelly in Senators zone.
13:49 of 3rd period - Shot by Marian Gaborik.
13:49 of 3rd period - Stopped by Evgeni Nabokov without a rebound.
13:50 of 3rd period - David Krejci wins face-off versus Sidney Crosby in Senators zone.
13:55 of 3rd period - Shot by David Krejci.
13:55 of 3rd period - Stopped by Evgeni Nabokov without a rebound.
13:56 of 3rd period - Paul Stastny wins face-off versus Sidney Crosby in Senators zone.
13:56 of 3rd period - Paul Stastny is hit by Jay Bouwmeester.
14:02 of 3rd period - Shot by Marian Gaborik.
14:02 of 3rd period - Stopped by Evgeni Nabokov without a rebound.
14:03 of 3rd period - David Krejci wins face-off versus Sidney Crosby in Senators zone.
14:09 of 3rd period - Marian Gaborik is hit by Jay Bouwmeester and loses puck.
14:12 of 3rd period - Shot by Gregory Campbell.
14:12 of 3rd period - Shot Misses the Net.
14:25 of 3rd period - Minor Penalty to Josh Gorges for Holding.
14:26 of 3rd period - Patrice Bergeron wins face-off versus Mike Fisher in Senators zone.
14:35 of 3rd period - Shot by Paul Stastny.
14:35 of 3rd period - Deflect By Henrik Zetterberg.
14:35 of 3rd period - Shot Misses the Net.
14:47 of 3rd period - Mike Fisher is hit by Henrik Zetterberg and loses puck.
15:27 of 3rd period - Minor Penalty to Jesse Winchester for Hooking.
15:28 of 3rd period - Chris Kelly wins face-off versus David Krejci in Senators zone.
15:53 of 3rd period - Shot by Niklas Kronwall.
15:53 of 3rd period - Shot Blocked by Ladislav Smid.
15:55 of 3rd period - Shot by Niklas Kronwall.
15:55 of 3rd period - Stopped by Evgeni Nabokov without a rebound.
15:56 of 3rd period - Patrice Bergeron wins face-off versus Mike Fisher in Senators zone.
16:09 of 3rd period - Shot by Paul Stastny.
16:09 of 3rd period - Deflect By Patrice Bergeron.
16:09 of 3rd period - Stopped by Evgeni Nabokov without a rebound.
16:10 of 3rd period - Patrice Bergeron wins face-off versus Mike Fisher in Senators zone.
16:17 of 3rd period - Shot by Zdeno Chara.
16:17 of 3rd period - Stopped by Evgeni Nabokov without a rebound.
16:18 of 3rd period - Patrice Bergeron wins face-off versus Chris Kelly in Senators zone.
16:58 of 3rd period - Off-side.
16:59 of 3rd period - Mike Fisher wins face-off versus David Krejci in neutral zone.
17:16 of 3rd period - Shot by Niklas Kronwall.
17:16 of 3rd period - Stopped by Evgeni Nabokov with a rebound.
17:20 of 3rd period - Shot by Wayne Simmonds.
17:20 of 3rd period - Stopped by Evgeni Nabokov without a rebound.
17:21 of 3rd period - David Krejci wins face-off versus Chris Kelly in Senators zone.
17:46 of 3rd period - Shot by Jason Spezza.
17:46 of 3rd period - Deflect By Rick Nash.
17:46 of 3rd period - Shot Blocked by James Vandermeer.
17:54 of 3rd period - Shot by Rick Nash.
17:54 of 3rd period - Shot Misses the Net.
17:55 of 3rd period - Minor Penalty to James Vandermeer for Tripping.
17:56 of 3rd period - Sidney Crosby wins face-off versus David Krejci in Bruins zone.
18:15 of 3rd period - Shot by Filip Kuba.
18:15 of 3rd period - Stopped by Cam Ward with a rebound.


Output by the SimonT Hockey Simulator (STHS) for Stephane Roy -- Original Page W3C XHTML 1.0 Valid